Map: Tokamak LE

Players

LigerMaNN - Winner!

  • Race: Zerg Zerg
  • League: Diamond
  • Spawn Location: 7:00

A.I. 1 (Elite)

  • Race: Protoss Protoss
  • Spawn Location: 1:00

VOD

Have the link to the VOD?

Description

Time

  • Played on: June 3, 2025, 12:12 a.m.
  • Length: 11:24
Show
View Real Time Build Order
Export as new Build Order

LigerMaNN Zerg - Winner!

Build Orders: Hatch First 

Get SALT Encoding   

  12  0:01  Drone  
  13  0:12  Overlord  
  13  0:16  Drone  
  14  0:31  Drone x2  
  16  0:47  Hatchery  
  15  0:51  Drone  
  15  0:55  Drone  
  17  0:58  Drone  
  18  1:10  Extractor  
  17  1:15  Spawning Pool  
  17  1:17  Drone  
  17  1:20  Drone  
  18  1:28  Drone  
  19  1:44  Overlord  
  19  2:01  Queen  
  19  2:02  Queen  
  19  2:03  Zergling x6  
  26  2:10  Drone  
  26  2:12  Drone  
  28  2:21  Drone  
  28  2:22  Drone  
  30  2:30  Metabolic Boost  
  30  2:40  Hatchery  
  29  2:50  Queen  
  31  2:57  Pneumatized Carapace  
  30  3:04  Drone x3  
  32  3:06  Drone  
  32  3:11  Overlord  
  33  3:20  Drone  
  33  3:21  Drone x2  
  36  3:32  Drone x5  
  36  3:33  Drone  
  42  3:42  Queen  
  44  3:52  Overlord x3  
  44  4:02  Drone x6  
  50  4:12  Queen  
  50  4:14  Lair  
  52  4:18  Drone x3  
  52  4:19  Drone  
  56  4:27  Queen  
  58  4:35  Zergling x14  
  58  4:36  Zergling x2  
  66  4:55  Hatchery  
  65  5:04  Queen  
  67  5:12  Drone  
  67  5:13  Drone x6  
  74  5:15  Overlord x5  
  74  5:33  Drone  
  75  5:39  Drone x3  
  75  5:40  Drone x8  
  75  5:42  Extractor  
  85  5:44  Extractor  
  85  5:46  Overlord x3  
  84  6:10  Drone  
  84  6:11  Drone x2  
  87  6:13  Drone x12, Extractor  
  87  6:18  Extractor  
  97  6:19  Extractor  
  96  6:39  Zergling x26  
  110  6:40  Zergling x2  
  110  6:47  Hydralisk Den  
  110  6:48  Evolution Chamber  
  110  6:49  Evolution Chamber  
  110  6:52  Drone x2  
  110  6:53  Drone, Baneling Nest  
  110  6:54  Drone x3  
  112  6:55  Overlord x3  
  112  7:00  Drone, Extractor  
  112  7:01  Extractor  
  111  7:08  Hatchery  
  110  7:21  Muscular Augments  
  110  7:22  Hydralisk x15  
  140  7:35  Drone x2  
  140  7:36  Drone x4  
  146  7:44  Hydralisk x4  
  146  7:48  Zerg Melee Weapons Level 1, Zerg Ground Armor Level 1  
  154  7:52  Centrifugal Hooks  
  147  8:25  Grooved Spines  
  132  8:30  Infestation Pit  
  132  8:32  Zergling x14  
  132  8:33  Zergling x34  
  146  8:45  Hydralisk x7  
  160  8:54  Queen x4  
  168  9:11  Baneling x6  
  168  9:12  Baneling x29  
  168  9:13  Zergling x12, Baneling x13  
  168  9:15  Overlord x9  
  174  9:48  Zergling x26  
  187  9:52  Hive  
  187  10:01  Lurker Den  
  186  10:13  Zergling x16  
  176  10:36  Hydralisk  
  176  10:37  Hydralisk x10  
  193  10:50  Zergling x8  
  195  11:06  Drone x2  
  195  11:07  Drone x2  
Show
View Real Time Build Order
Export as new Build Order

A.I. 1 (Elite) Protoss 

Build Orders: Zealot Archon 

Get SALT Encoding   

  12  0:00  Probe  
  13  0:13  Probe  
  14  0:19  Pylon  
  14  0:25  Probe  
  15  0:34  Probe  
  15  0:42  Probe  
  16  0:48  Assimilator  
  17  0:50  Gateway  
  17  0:52  Probe  
  18  1:00  Pylon, Probe  
  19  1:08  Probe  
  19  1:18  Probe  
  21  1:36  Gateway  
  21  1:37  Probe  
  21  1:38  Zealot  
  24  1:40  Cybernetics Core  
  24  1:47  Pylon  
  24  1:49  Probe  
  25  1:59  Probe  
  25  2:05  Zealot  
  25  2:07  Probe  
  29  2:19  Warp Gate  
  29  2:22  Adept  
  31  2:26  Gateway  
  31  2:32  Adept  
  31  2:37  Gateway  
  33  2:49  Stalker  
  33  2:57  Pylon  
  33  2:58  Probe  
  36  2:59  Stalker  
  37  3:06  Probe, Assimilator  
  38  3:14  Probe  
  38  3:15  Adept  
  41  3:21  Adept  
  41  3:26  Stalker  
  43  3:33  Stalker  
  47  3:47  Pylon  
  47  3:59  Robotics Facility  
  47  4:08  Twilight Council  
  47  4:20  Pylon  
  47  4:47  Zealot, Templar Archives  
  49  4:56  Nexus  
  49  5:23  High Templar  
  49  5:26  Forge  
  51  5:34  Forge  
  51  5:38  Sentry  
  53  5:59  High Templar  
  55  6:07  Stalker  
  55  6:08  Probe x2  
  59  6:16  Probe  
  59  6:17  Archon  
  59  6:18  Stalker  
  61  6:19  Assimilator  
  61  6:21  Probe  
  61  6:22  Assimilator  
  61  6:24  Probe  
  64  6:33  Probe  
  64  6:34  Probe  
  64  6:39  Pylon  
  66  6:45  Probe, High Templar  
  69  6:47  Probe  
  70  6:58  Probe, Nexus  
  70  6:59  Probe  
  70  7:01  High Templar  
  74  7:05  Stalker  
  74  7:06  Probe  
  76  7:11  Probe  
  76  7:12  Observer  
  76  7:14  Probe  
  79  7:15  Pylon  
  79  7:16  Stalker  
  79  7:22  Probe, Archon  
  82  7:23  Probe  
  84  7:31  High Templar  
  84  7:32  Probe  
  84  7:35  Probe  
  88  7:41  Pylon  
  88  7:43  Probe  
  89  7:44  High Templar  
  89  7:47  Probe  
  92  7:54  Sentry  
  94  7:59  Probe  
  94  8:04  Pylon  
  95  8:10  Probe x2  
  95  8:11  Probe  
  95  8:12  Psionic Storm  
  98  8:14  Zealot x3  
  98  8:17  Zealot  
  98  8:18  Assimilator  
  106  8:22  Probe  
  93  8:27  Probe, Assimilator  
  93  8:28  Zealot  
  93  8:29  Probe  
  93  8:32  Zealot  
  73  8:34  Probe, Zealot  
  73  8:38  Adept  
  72  8:44  Zealot  
  72  8:46  High Templar  
  72  8:47  Probe  
  78  8:48  Probe  
  78  8:50  Probe  
  78  8:54  Sentry  
  81  8:58  High Templar  
  81  8:59  Probe  
  81  9:00  Probe  
  81  9:02  Probe  
  86  9:05  Stalker  
  88  9:10  Protoss Ground Weapons Level 1  
  88  9:11  Probe  
  88  9:12  Probe  
  88  9:14  Probe  
  91  9:17  Adept, Zealot  
  91  9:23  Probe, Zealot  
  98  9:25  Probe  
  98  9:26  Probe, Archon  
  98  9:30  Zealot  
  102  9:33  Pylon  
  102  9:35  Probe  
  102  9:36  Zealot  
  102  9:37  Zealot  
  102  9:38  Probe, Stalker  
  110  9:42  Probe  
  111  9:50  Sentry  
  113  9:55  Zealot  
  113  9:57  Pylon, High Templar  
  117  10:00  Zealot  
  117  10:04  Immortal  
  123  10:13  High Templar  
  125  10:15  Zealot  
  125  10:19  Adept  
  109  10:21  Pylon  
  83  10:29  Sentry  
  83  10:30  Probe  
  83  10:32  Probe  
  83  10:33  Adept  
  83  10:35  Stalker  
  57  10:43  Immortal  
  57  10:45  Zealot  
  57  10:49  Probe  
  34  10:51  Stalker  
  34  10:52  Sentry  
  30  10:58  Stalker  
  22  11:05  High Templar  
  22  11:14  High Templar  
Tags
 
Composition
Zealot Archon
League
Diamond
Matchup
PvZ
Replay Pack
June 2025
Spawn Locations
Cross Positions
Add a new tag
Caveats
  • Supply blocks, unpowered buildings, or Contaminate may cause inaccurate times.
  • Supply counts are checked every 10 seconds.